 Dungeon Crawl Stone Soup version 0.18-a0-1312-gf98331d (webtiles) character file.

58 Reinor the Ducker (level 3, -1/20 HPs)
             Began as a Spriggan Abyssal Knight on Feb 14, 2016.
             Was a Believer of Lugonu.
             Killed from afar by Natasha (14 damage)
             ... with a wand of flame
             ... on level 2 of the Dungeon.
             The game lasted 00:04:29 (1411 turns).

Reinor the Ducker (Spriggan Abyssal Knight)         Turns: 1411, Time: 00:04:30

Health: -1/20      AC:  2    Str:  5 (8)  XL:     3   Next: 75%
Magic:  5/5        EV: 17    Int: 18 (19) God:    Lugonu [**....]
Gold:   108        SH:  4    Dex: 13 (15) Spells: 0 memorised, 2 levels left

rFire  . . .     SeeInvis +     a - +1 short sword
rCold  . . .     Gourm    .     b - +0 robe
rNeg   . . .     Faith    .     e - +0 buckler
rPois  .         Spirit   .     (helmet restricted)
rElec  .         Dismiss  .     (no cloak)
rCorr  .         Reflect  .     (gloves unavailable)
SustAt .         Harm     .     (boots unavailable)
MR     .....                    h - amulet of regeneration
Stlth  ++........               (no ring)
                                (no ring)

@: brilliant, very quick, not resistant to hostile enchantments, unstealthy
A: unfitting armour, see invisible, herbivore 3, speed 3, slow metabolism 2
a: Depart the Abyss, Bend Space, Renounce Religion


You were on level 2 of the Dungeon.
You worshipped Lugonu.
Lugonu was pleased with you.
You were not hungry.

You visited 1 branch of the dungeon, and saw 2 of its levels.
You visited the Abyss 1 time.

You collected 108 gold pieces.

Inventory:

Hand Weapons
 a - a +1 short sword (weapon)
Missiles
 f - 12 poisoned needles
Armour
 b - a +0 robe (worn)
 e - a +0 buckler (worn)
Jewellery
 h - an amulet of regeneration (around neck)
Wands
 m - a wand of flame (28/48)
Scrolls
 o - a scroll of fog
Potions
 l - a potion of flight
Comestibles
 c - a bread ration


   Skills:
 - Level 3.0 Fighting
 + Level 3.0 Short Blades
 - Level 4.0 Dodging
 + Level 2.1 Stealth
 - Level 0.1 Shields
 - Level 1.9 Invocations


You had 2 spell levels left.
You didn't know any spells.

Dungeon Overview and Level Annotations

Branches:
Dungeon (2/15)

Altars:

Annotations:
D:2 Natasha


Innate Abilities, Weirdness & Mutations

You are tiny and cannot use many weapons and most armour.
You have supernaturally acute eyesight.
You are an herbivore.
You cover ground extremely quickly.
You need consume almost no food.


Message History

Natasha is moderately wounded.
Natasha barely misses you.
You barely miss Natasha.
Natasha is moderately wounded.
You block Natasha's attack.
You closely miss Natasha.
Natasha is moderately wounded.
Natasha claws you.
You completely miss Natasha.
Natasha is moderately wounded.
The shadow imp disappears in a puff of smoke!
Natasha closely misses you.
You miss Natasha.
Natasha is moderately wounded.
Natasha misses you.
You closely miss Natasha.
Natasha is moderately wounded.
Natasha zaps a wand.
The puff of flame hits you!
Ouch! That really hurt!
You die...

....(...# *,,,,,,,*************
........# *..>....# *,,,,,
........# *...S...# *,,<,,
........# *.......# *,,,,,
........# *,,.....# **,,,,,
###..)..# *,,,.gl.#######,,,,,,
# #.....# *****#........#,,,,,,
#.....##########........#,,,,,,
####..........@hg.!.....#,,,,,,
#############5(......#,,,,,,
##########,,,,,, *,,,,,,
***,,,, *,,,, *,,,, *,,,, *,,,,


You could see Natasha, a shadow imp and a goblin.

Vanquished Creatures
  A worm (D:2)
  2 giant geckos
  3 giant cockroaches
  9 goblins
  6 hobgoblins
  4 jackals (D:1)
  2 quokkas (D:2)
  2 ball pythons
  4 bats (D:1)
  3 giant newts
  5 kobolds
  6 rats
47 creatures vanquished.

Vanquished Creatures (others)
  A rat (D:2)
1 creature vanquished.

Grand Total: 48 creatures vanquished

Notes
Turn   | Place    | Note
--------------------------------------------------------------
     0 | Abyss:1  | Reinor the Spriggan Abyssal Knight began the quest for the Orb.
     0 | Abyss:1  | Reached XP level 1. HP: 11/11 MP: 3/3
    73 | Abyss:1  | Noticed an efreet
    78 | D:1      | Escaped the Abyss
   558 | D:1      | Reached XP level 2. HP: 13/16 MP: 4/4
   625 | D:1      | Reached * piety under Lugonu
   731 | D:1      | Reached skill level 4 in Dodging
   811 | D:1      | Reached XP level 3. HP: 18/20 MP: 5/5
  1154 | D:2      | Reached skill level 1 in Stealth
  1339 | D:2      | Reached ** piety under Lugonu
  1378 | D:2      | Noticed Natasha
  1411 | D:2      | Killed from afar by Natasha

Vault maps used:
D:1:      mrwooster_arrival_statue, minmay_misc_feat_doors, minivault_26
D:2:      lemuel_another_geyser, uniq_natasha, uniq_iyjb

Action                   || total
-------------------------++-------
Melee: Short sword       ||   171
Invok: Depart the Abyss  ||     1
  Use: Scroll            ||     5
       Potion            ||     2
 Stab: Sleeping          ||     2
